 Dungeon Crawl Stone Soup version 0.16.1-12-gf5c4a84 (webtiles) character file.

242 ztt the Cudgeler (level 6, 0/57 HPs)
             Began as a Gargoyle Berserker on Apr 8, 2015.
             Was an Elder of Trog.
             Slain by an orc
             ... wielding a +0 trident of flaming
              (4 damage)
             ... on level 4 of the Dungeon.
             The game lasted 00:05:26 (3580 turns).

ztt the Cudgeler (Gargoyle Berserker)               Turns: 3580, Time: 00:05:26

Health: 0/57       AC:  7    Str: 28    XL:     6   Next: 9%
Magic:  6/6        EV: 12    Int:  7    God:    Trog [****..]
Gold:   172        SH:  0    Dex:  9    Spells: 0 memorised, 5 levels left

rFire  . . .     SeeInvis .     a - +0 mace
rCold  . . .     Clarity  .     b - +0 animal skin
rNeg   + . .     SustAb   .     (no shield)
rPois  ∞         Gourm    .     (no helmet)
rElec  +         Spirit   .     n - +0 cloak
rCorr  .         Warding  .     (no gloves)
rMut   .         Stasis   .     (no boots)
MR     .....                    (no amulet)
Stlth  ..........               (no ring)
                                (no ring)

@: berserking, very quick, not resistant to hostile enchantments, extremely
unstealthy
A: negative energy resistance 1, electricity resistance, unbreathing,
petrification resistance, rot immunity, AC +4
a: Burn Spellbooks, Berserk, Trog's Hand, Brothers in Arms, Renounce Religion


You were on level 4 of the Dungeon.
You worshipped Trog.
Trog was greatly pleased with you.
You were not hungry.

You visited 1 branch of the dungeon, and saw 4 of its levels.
You also visited: Sewer.

You collected 172 gold pieces.

Inventory:

Hand weapons
 a - a +0 mace (weapon)
 s - a +0 blowgun
Missiles
 t - 74 poisoned needles
Armour
 b - a +0 animal skin (worn)
 n - a +0 cloak (worn)
Magical devices
 f - a wand of disintegration (16)
 i - a wand of flame (21)
 l - a wand of polymorph (10)
Scrolls
 d - 2 scrolls of identify
 g - a scroll of fog
 h - 4 scrolls of teleportation
Potions
 e - a potion of flight
 k - 4 potions of heal wounds
 q - 4 potions of curing
 r - 5 potions of agility
 u - 3 potions of brilliance
Comestibles
 c - 3 bread rations
 p - a royal jelly


   Skills:
 + Level 4.1 Fighting
 + Level 4.3 Maces & Flails
 + Level 2.8 Armour
 + Level 3.5 Dodging
 + Level 0.5 Stealth


You had 5 spell levels left.
You didn't know any spells.

Dungeon Overview and Level Annotations

Branches:
Dungeon (4/15)
 Temple: D:4-7

Altars:


Innate Abilities, Weirdness & Mutations

You are resistant to torment.
You are immune to poison.
Your stone body is very resilient (AC +4).
You resist negative energy.
You are resistant to electric shocks.
You can survive without breathing.
You are immune to petrification.
You are immune to rotting.


Message History

The orc barely misses you.
The orc priest hits you but does no damage.
The orc hits you from afar with a trident of flaming!
* * * LOW HITPOINT WARNING * * *
The orc burns you.
* * * LOW HITPOINT WARNING * * *
You hit the orc.
You kill the orc!
Trog accepts your kill. The orc hits you but does no damage.
The orc priest misses you.
You barely miss the orc.
The orc is moderately wounded.
The orc barely misses you. The orc hits you but does no damage.
The orc priest barely misses you.
Things that are here:
3 tomahawks; a ring mail; an orc corpse You closely miss the orc priest.
The orc priest is lightly wounded.
The orc hits you from afar with a trident of flaming.
You die...

#.. . .#....... .#.. .........
..... #. #......... >#..
#.##.........+ .....
.....<........# # #.#..
#.#.#..........##.#.#.#.. .
......o.o>........#.#.#.. #..#
......oo@# ......... #..#
#.#.#..#.# # .#.#.#.. #..# #.#
#..#.##.##### #.#.#.. #..# #.#
#....(......# #...... #..# #.#
#..#.##.##..# #...... #..#
#.###..#.##.....###......
#..######.....................##.
#.........###..#.##..#..#.###.##.
#<.##......##....................


You could see an orc priest and 3 orcs.

Vanquished Creatures
  Crazy Yiuf (D:3)
  A worker ant (D:4)
  4 river rats (Sewer)
  6 adders
  5 orcs
  6 goblins
  6 hobgoblins
  4 jackals (D:3)
  23 kobolds
  2 quokkas
  4 ball pythons (Sewer)
  8 bats
  2 giant cockroaches
  A giant gecko (D:1)
  4 giant newts
  29 rats
106 creatures vanquished.

Notes
Turn   | Place    | Note
--------------------------------------------------------------
     0 | D:1      | ztt, the Gargoyle Berserker, began the quest for the Orb.
     0 | D:1      | Reached XP level 1. HP: 14/14 MP: 1/1
   121 | D:1      | Reached XP level 2. HP: 13/19 MP: 2/2
   710 | D:2      | Reached XP level 3. HP: 20/23 MP: 3/3
   768 | D:2      | Acquired Trog's second power
  1373 | D:3      | Reached XP level 4. HP: 29/29 MP: 4/4
  1482 | D:3      | Found a glowing drain.
  1545 | Sewer    | Entered a sewer
  2106 | Sewer    | Reached XP level 5. HP: 17/33 MP: 5/5
  2230 | Sewer    | Reached skill level 4 in Maces & Flails
  2398 | Sewer    | Received a gift from Trog
  2400 | Sewer    | Acquired Trog's third power
  2802 | D:3      | Noticed Crazy Yiuf
  2813 | D:3      | Killed Crazy Yiuf
  3504 | D:4      | Reached XP level 6. HP: 38/38 MP: 6/6
  3580 | D:4      | Slain by an orc

Action                   |  1- 3 |  4- 6 || total
-------------------------+-------+-------++-------
Melee: Mace              |   107 |   279 ||   386
Invok: Berserk           |       |     1 ||     1
  Use: Scroll            |       |    11 ||    11
  Eat: Meat ration       |     1 |       ||     1
       Chunk             |       |     3 ||     3
       Beef jerky        |       |     1 ||     1
